 Dungeon Crawl Stone Soup version 0.30.1-9-gdf580d7c3d (webtiles) character file.

Game seed: 5779694890763885671

72 Ironcache the Trooper (level 4, 0/36 HPs)
             Began as a Demonspawn Monk on Oct 5, 2023.
             Succumbed to an adder's poison
             ... on level 3 of the Dungeon.
             The game lasted 00:04:16 (2011 turns).

Ironcache the Trooper (Demonspawn Monk)             Turns: 2011, Time: 00:04:17

Health: 0/36       AC:  5    Str: 14    XL:     4   Next: 6%
Magic:  4/4        EV: 11    Int: 11    God:
Gold:   106        SH:  4    Dex: 15    Spells: 3/3 levels left

rFire   . .          .
                       - Unarmed
rCold   . . .        (no shield)
rNeg    . . .        j - +0 ring mail
rPois   .            (helmet restricted)
rElec   .            (no cloak)
rCorr   .            (no gloves)
SInv    .            (no boots)
Will    .....        (no amulet)
Stlth   +            (no ring)
HPRegen 0.26/turn    (no ring)
MPRegen 0.09/turn

%: no passive effects
@: mighty, lethally poisoned (0 -> -3)
A: antennae 1, foul stench 1, condensation shield
a: no special abilities


You were on level 3 of the Dungeon.
You visited 1 branch of the dungeon, and saw 3 of its levels.

You collected 106 gold pieces.

Inventory:

Armour
 a - a +0 robe
 c - an orb of light
 j - a +0 ring mail (worn)
Jewellery
 k - an amulet of regeneration
Scrolls
 d - a scroll of blinking {unknown}
 e - a scroll of identify {unknown}
 m - a scroll of teleportation {unknown}
 o - a scroll of immolation {unknown}
Potions
 b - a potion of ambrosia
 f - a potion of might
 g - a potion of brilliance {unknown}
 h - 2 potions of resistance {unknown}
 i - a potion of attraction {unknown}
 l - 2 potions of curing {unknown}
 n - a potion of flight {unknown}
 p - a potion of haste {unknown}
 q - 2 potions of lignification {unknown}


   Skills:
 + Level 3.6 Fighting
 + Level 1.6 Armour
 - Level 3.0 Dodging
 + Level 3.3 Unarmed Combat


You had 3 spell levels left.
You didn't know any spells.
Your spell library was empty.

Dungeon Overview and Level Annotations

Branches:
Dungeon (3/15)

Altars:


Innate Abilities, Weirdness & Mutations

You have a pair of small antennae on your head.
You may rarely emit foul miasma when damaged in melee.
A meltable shield of frost defends you. (SH +4)


Message History

The adder bites you.
You are poisoned.
The adder poisons you! The orc closely misses you.
You hit the adder but do no damage.
The adder is heavily wounded.
You feel sick. You block the adder's attack. The orc closely misses you.
The adder bites you.
You barely miss the adder.
The adder is heavily wounded.
You feel sick. The adder bites you. The orc barely misses you.
You barely miss the adder.
The adder is heavily wounded.
You feel sick. The adder misses you. You block the orc's attack.
You miss the adder.
The adder is heavily wounded.
You feel sick. The adder barely misses you.
You hit the adder but do no damage.
The adder is heavily wounded.
You feel sick. The orc hits you with a +0 hand axe.
* * * LOW HITPOINT WARNING * * *
The adder bites you but does no damage.
The howler monkey hoots and howls with incredible vigour!
You barely miss the adder.
The adder is heavily wounded.
You feel sick.
You are no longer poisoned.
The adder bites you.
* * * LOW HITPOINT WARNING * * *
You are lethally poisoned!
The adder poisons you! You block the orc's attack.
The howler monkey hoots and howls with incredible vigour!
The adder completely misses you.
You barely miss the adder.
The adder is heavily wounded.
* * * LOW HITPOINT WARNING * * *
You feel sick. You block the orc's attack.
The adder bites you but does no damage.
It was a potion of might.
You feel very mighty all of a sudden.
You die...

###......# .........####
## ....##...... . #
#...#.....##### #.
#............# #.###
##>......#.# #....
####......##.###
#....####....)#.......##
#...ho@S.............).
#...w######.##.......#.
#..####..## #.##.........
..!....w..# ..##.........
..........# ............##
##..........#.##....#...##
...........##. .....##<.##
##.#..#...... ### #...
#.#.......♣♣♣


You could see a howler monkey (catching breath), an adder, a dart slug and an
orc.

Vanquished Creatures
  4 adders
  A worm (D:3)
  An orc (D:3)
  7 bats
  4 endoplasms (D:2)
  5 goblins
  3 hobgoblins
  2 ball pythons
  A frilled lizard (D:2)
  2 kobolds
  3 rats (D:2)
33 creatures vanquished.

Notes
Turn   | Place    | Note
-------+----------+-------------------------------------------
     0 | D:1      | Ironcache the Demonspawn Monk began the quest for the Orb.
     0 | D:1      | Reached XP level 1. HP: 18/18 MP: 1/1
   337 | D:1      | Gained mutation: You have a pair of small antennae on your
                  | head. [demonic ancestry]
   337 | D:1      | Reached XP level 2. HP: 24/24 MP: 2/2
   851 | D:2      | Reached skill level 1 in Armour
   855 | D:2      | HP: 1/24 [poisoned by an adder]
   994 | D:2      | Gained mutation: A meltable shield of frost defends you.
                  | (SH +4) [demonic ancestry]
   994 | D:2      | Reached XP level 3. HP: 29/29 MP: 3/3
  1942 | D:3      | Gained mutation: You may rarely emit foul miasma when
                  | damaged in melee. [demonic ancestry]
  1942 | D:3      | Reached XP level 4. HP: 29/36 MP: 4/4
  2010 | D:3      | HP: 1/36 [poisoned by an adder]
  2011 | D:3      | Succumbed to an adder's poison

Illustrated notes

Levels and vault maps discovered:
D:1:      erik_arrival_blinker_ship, layout_basic, corexii_leaking_fountain,
          fountainhead, chequers_serial_rivers_micro_d, reono_crystal_passage
D:2:      minmay_door_path, layout_loops_ring
D:3:      layout_rooms, hellmonk_ghost_happy_afterlife,
          dilly_ecumenical_altar_fadedgnrine, guppyfry_early_lair_pool

Skill      XL: |  1  2 |
---------------+-------+-----
Armour         | 1 |  1.6
Dodging        | 3 |  3.0
Unarmed Combat | 3 |  3.3
Fighting       | |  3.6

Action                     |  1- 3 |  4- 6 || total
---------------------------+-------+-------++-------
  Melee: Unarmed           |   153 |    18 ||   171
         Punch             |     2 |     1 ||     3
    Use: Potion            |       |     1 ||     1
   Stab: Sleeping          |     1 |       ||     1
 Armour: Robe              |     4 |       ||     4
         Ring mail         |    54 |     8 ||    62
  Dodge: Dodged            |    72 |    10 ||    82
  Block: Other             |     9 |     4 ||    13
